 Dungeon Crawl Stone Soup version 0.26-a0-652-gafc20e3620 (webtiles) character file.

Game seed: 6883551419268899196

9 marklar909 the Sneak (level 2, -1/15 HPs)
             Began as a Kobold Enchanter on Oct 3, 2020.
             Slain by a hobgoblin
             ... wielding a +0 club
              (4 damage)
             ... on level 1 of the Dungeon.
             The game lasted 00:00:23 (400 turns).

marklar909 the Sneak (Kobold Enchanter)              Turns: 400, Time: 00:00:24

Health: -1/15      AC:  2    Str:  5    XL:     2   Next: 20%
Magic:  5/5        EV: 15    Int: 16    God:
Gold:   16         SH:  0    Dex: 15    Spells: 4/5 levels left

rFire    . . .     SeeInvis .   a - +1 dagger
rCold    . . .     Faith    .   (shield restricted)
rNeg     . . .     Spirit   .   b - +0 robe
rPois    .         Reflect  .   (no helmet)
rElec    .         Harm     .   (no cloak)
rCorr    .         Rampage  .   (no gloves)
MR       .....                  (no boots)
Stlth    ++++......             (no amulet)
HPRegen  0.05/turn              (no ring)
MPRegen  0.09/turn              (no ring)

@: no status effects
A: small, nightstalker 3
a: no special abilities


You were on level 1 of the Dungeon.
You visited 1 branch of the dungeon, and saw 1 of its levels.

You collected 16 gold pieces.

Inventory:

Hand Weapons
 a - a +1 dagger (weapon)
Armour
 b - a +0 robe (worn)
Jewellery
 c - a cursed ring of attention {unknown}


   Skills:
 + Level 1.4 Short Blades
 + Level 2.4 Dodging
 + Level 4.3 Stealth
 + Level 2.2 Spellcasting
 + Level 3.3 Hexes


You had 4 spell levels left.
You knew the following spells:

 Your Spells              Type           Power        Failure   Level
a - Corona                Hex            ##.....      5%          1

Your spell library contained the following spells:

 Spells                   Type           Power        Failure   Level
 Ensorcelled Hibernation  Hex/Ice        #.....       16%         2
 Confusing Touch          Hex            ##......     16%         3
 Tukima's Dance           Hex            ##......     16%         3
 Dazzling Flash           Conj/Hex       #.....       30%         3


Dungeon Overview and Level Annotations

Branches:
Dungeon (1/15)

Altars:


Innate Abilities, Weirdness & Mutations

You are small and have problems with some larger weapons.
You are completely attuned to the shadows.


Message History

You are too injured to fight recklessly!
You hit the rat but do no damage. You closely miss the rat.
The rat closely misses you.
You hit the rat.
The rat is moderately wounded.
The rat closely misses you.
You closely miss the rat.
The rat is moderately wounded.
The hobgoblin misses you. The rat bites you.
* * * LOW HITPOINT WARNING * * *
You hit the rat.
You kill the rat!
The hobgoblin barely misses you.
You hit the giant cockroach.
The giant cockroach is moderately wounded.
The hobgoblin barely misses you. The leopard gecko barely misses you.
You hit the giant cockroach.
The giant cockroach is almost dead.
The giant cockroach misses you. The hobgoblin hits you with a +0 club.
You die...

...... #s....
####.=... .........
##.....
#########...... ≈
##@s≈..≈....≈...#≈≈
#.lg≈≈≈≈≈.≈≈≈≈≈≈≈≈≈
#.≈≈≈≈≈≈.≈≈≈≈≈≈≈≈≈≈
#≈≈≈≈.≈≈≈≈≈≈≈≈≈≈≈≈≈
#≈≈≈≈≈≈≈≈≈≈≈≈≈≈≈.≈≈
#≈≈≈≈#.....≈.≈.≈.†≈
≈≈≈######.........
≈≈# #......... ≈#
##########


You could see a leopard gecko, a giant cockroach and a hobgoblin.

Vanquished Creatures
  2 dart slugs (D:1)
  A goblin (D:1)
  A hobgoblin (D:1)
  A rat (D:1)
5 creatures vanquished.

Notes
Turn   | Place    | Note
-------+----------+-------------------------------------------
     0 | D:1      | marklar909 the Kobold Enchanter began the quest for the
                  | Orb.
     0 | D:1      | Reached XP level 1. HP: 10/10 MP: 3/3
   180 | D:1      | Reached XP level 2. HP: 6/15 MP: 3/5
   400 | D:1      | Slain by a hobgoblin

Illustrated notes

Levels and vault maps discovered:
D:1:      matt_arrival_los_fun, layout_basic, chequers_serial_rivers_large_a

Action                   || total
-------------------------++-------
Melee: Dagger            ||    47
 Cast: Corona            ||     1
 Stab: Sleeping          ||     1
Armor: Robe              ||     5
Dodge: Dodged            ||    30

Table legend: (Time is in decaauts)
 A = Elapsed time spent in this place.
 B = Non-inter-level travel time spent in this place.
 C = Inter-level travel time spent in this place.
 D = Time resting spent in this place.
 E = Time spent auto-exploring this place.
 F = Levels seen in this place.
 G = Mean time per level.
                   A        B        C        D        E       F      G
               +--------+--------+--------+--------+--------+-----+--------+
         Total |    401 |    401 |      0 |    169 |    165 |   1 |  401.0 |
       Dungeon |    401 |    401 |      0 |    169 |    165 |   1 |  401.0 |
               +--------+--------+--------+--------+--------+-----+--------+

Top non-repeatable levels by time:
     D:1: 401 daAuts
